 Dungeon Crawl Stone Soup version 0.30-a0-358-g0d69a1922f (webtiles) character file.

Game seed: 13410990714966091381

561 jfcaron the Vexing (level 7, 0/52 HPs)
             Began as a Gnoll Hexslinger on Nov 11, 2022.
             Slain by Blork the orc
             ... wielding a +0 glaive
              (17 damage)
             ... on level 3 of the Dungeon.
             The game lasted 00:13:12 (4017 turns).

jfcaron the Vexing (Gnoll Hexslinger)               Turns: 4017, Time: 00:13:12

Health: 0/52       AC:  5    Str:  9    XL:     7   Next: 31%
Magic:  12/12      EV: 14    Int: 12    God:
Gold:   43         SH:  0    Dex: 15    Spells: 7/13 levels left

rFire   . . .      SeeInvis .    a - +1 sling
rCold   . . .      Faith    .    (no shield)
rNeg    . . .      Spirit   .    c - +0 robe
rPois   .          Reflect  .    z - +0 helmet
rElec   .          Harm     .    (no cloak)
rCorr   .          Rampage  .    f - +0 pair of gloves
Will    .....                    A - +0 pair of boots
Stlth   ++........               g - amulet of the acrobat
HPRegen 0.28/turn                (no ring)
MPRegen 0.13/turn                (no ring)

@: no status effects
A: fangs 1, strong nose, distributed training
a: no special abilities


You were on level 3 of the Dungeon.
You visited 1 branch of the dungeon, and saw 4 of its levels.

You collected 220 gold pieces.
You spent 177 gold pieces at shops.

Inventory:

Hand Weapons
 a - a +1 sling (weapon)
 k - a +2 flail of holy wrath
 l - a +0 dagger
Missiles
 d - 25 stones
 r - 2 boomerangs
Armour
 c - a +0 robe (worn)
 f - a +0 pair of gloves (worn)
 z - a +0 helmet (worn)
 A - a +0 pair of boots (worn)
Magical Staves
 t - a staff of cold
Jewellery
 g - an amulet of the acrobat (around neck)
Scrolls
 b - 2 scrolls of poison
 e - 2 scrolls of teleportation
 h - a scroll of acquirement {unknown}
 s - a scroll of blinking
 w - 2 scrolls of noise {unknown}
 x - 2 scrolls of magic mapping {unknown}
 y - a scroll of enchant weapon {unknown}
Potions
 i - 2 potions of haste
 j - 5 potions of curing
 m - a potion of heal wounds
 o - a potion of mutation {unknown}
 p - 2 potions of ambrosia {unknown}
 q - a potion of lignification {unknown}
 u - a potion of resistance {unknown}
 v - a potion of brilliance {unknown}


   Skills:
 + Level 3.6 Fighting
 + Level 2.5 Short Blades
 + Level 2.5 Long Blades
 + Level 2.5 Axes
 + Level 2.5 Maces & Flails
 + Level 2.5 Polearms
 + Level 2.5 Staves
 + Level 5.2 Ranged Weapons
 + Level 2.5 Throwing
 + Level 2.5 Armour
 + Level 5.2 Dodging
 + Level 2.5 Stealth
 + Level 2.5 Shields
 + Level 2.5 Unarmed Combat
 + Level 3.8 Spellcasting
 + Level 2.0 Conjurations
 + Level 5.8 Hexes
 + Level 2.0 Summonings
 + Level 2.0 Necromancy
 + Level 2.0 Translocations
 + Level 2.0 Transmutations
 + Level 2.0 Fire Magic
 + Level 2.0 Ice Magic
 + Level 2.0 Air Magic
 + Level 2.0 Earth Magic
 + Level 2.0 Poison Magic
 + Level 2.8 Invocations
 + Level 2.5 Evocations


You had 7 spell levels left.
You knew the following spells:

 Your Spells              Type           Power      Damage    Failure   Level
a - Slow                  Hex            64%        N/A       1%          1
b - Blink                 Tloc           14%        N/A       14%         2
c - Inner Flame           Hex/Fire       11%        N/A       13%         3

Your spell library contained the following spells:

 Spells                   Type           Power      Damage    Failure   Level
 Portal Projectile        Hex/Tloc       22%        N/A       13%         3
 Cause Fear               Hex            8%         N/A       21%         4
 Manifold Assault         Tloc           7%         N/A       67%         4
 Storm Form               Tmut/Air       3%         N/A       100%        7


Dungeon Overview and Level Annotations

Branches:
Dungeon (4/15)
 Temple: D:4-7

Altars:

Shops:
D:1 [*[(*   D:3 ?

Annotations:
D:1 gold behind fire clouds
D:2 1 runed translucent door, Crazy Yiuf
D:3 Blork the orc
D:4 Dowan, Duvessa


Innate Abilities, Weirdness & Mutations

You have very sharp teeth.
Your uncanny sense of smell can sniff out nearby items.
Your experience applies equally to all skills.


Message History

You throw a poisoned dart.
The poisoned dart barely misses Blork the orc.
Blork the orc closely misses you.
Throw: 3 darts (poison)
Press: ? - help, Shift-Dir - straight line, f/p - Blork the orc
Aim: Blork the orc, wielding a +0 glaive and wearing a +0 robe (severely wounded, fast, very poisoned, 64% to hit)
You throw a poisoned dart.
The poisoned dart closely misses Blork the orc.
Blork the orc completely misses you.
Blork the orc screams, "You are the ugliest creature I've ever seen!"
Blork the orc misses you.
Throw: 2 darts (poison)
Press: ? - help, Shift-Dir - straight line, f/p - Blork the orc
Aim: Blork the orc, wielding a +0 glaive and wearing a +0 robe (severely wounded, fast, very poisoned, 64% to hit)
You throw a poisoned dart.
The poisoned dart barely misses Blork the orc.
Blork the orc looks satisfied for a moment.
Throw: dart (poison)
Press: ? - help, Shift-Dir - straight line, f/p - Blork the orc
Aim: Blork the orc, wielding a +0 glaive and wearing a +0 robe (severely wounded, fast, very poisoned, 64% to hit)
You throw a poisoned dart. The poisoned dart hits Blork the orc.
Blork the orc is severely wounded.
Blork the orc barely misses you.
Throw: 2 boomerangs
Press: ? - help, Shift-Dir - straight line, f/p - Blork the orc
Aim: Blork the orc, wielding a +0 glaive and wearing a +0 robe (severely wounded, fast, poisoned, 64% to hit)
Okay, then.
Unknown command.
Fire: a) +1 sling
Press: ? - help, Q - select action, (/) - cycle Shift-Dir - straight line, f/p - Blork the orc
Aim: Blork the orc, wielding a +0 glaive and wearing a +0 robe (severely wounded, fast, poisoned, 64% to hit)
Okay, then.
Fire: a) +1 sling
Press: ? - help, Q - select action, (/) - cycle Shift-Dir - straight line, f/p - Blork the orc
Aim: Blork the orc, wielding a +0 glaive and wearing a +0 robe (severely wounded, fast, poisoned, 64% to hit)
You shoot a sling bullet.
The sling bullet hits Blork the orc but does no damage.
Blork the orc is severely wounded.
Blork the orc hits you with a +0 glaive!
You die...

####################
#.........†@.......#
#.##########o####..# ###
#............####..#### #..
#..###########........####>#
#..# #.##........... #..#
#.##.###.####.# #..#
#.##.###.# #)# ##..#
#.##...#.# #.#
#...###########....#.#.# #.#


You could see Blork the orc (fast, poisoned).

Vanquished Creatures
  Grinder (D:3)
  Sigmund (D:2)
  Edmund (D:3)
  5 adders
  A worm (D:2)
  2 dart slugs
  An orc (D:3)
  6 bats
  3 endoplasms
  4 giant cockroaches
  6 hobgoblins
  4 kobolds (D:1)
  3 quokkas
  7 ball pythons
  A frilled lizard (D:1)
  9 goblins
  7 rats
62 creatures vanquished.

Notes
Turn   | Place    | Note
-------+----------+-------------------------------------------
     0 | D:1      | jfcaron the Gnoll Hexslinger began the quest for the Orb.
     0 | D:1      | Reached XP level 1. HP: 17/17 MP: 4/4
    69 | D:1      | Found Fukij's Antique Armour Shoppe.
   104 | D:1      | Found Yzofo's Assorted Antiques.
   192 | D:1      | Found Nowalaoj's Weapon Emporium.
   247 | D:1      | Found Sarogil's Assorted Antiques.
   351 | D:1      | Reached XP level 2. HP: 23/23 MP: 5/5
   663 | D:1      | Found Gusm's Antique Armour Emporium.
   775 | D:2      | Reached XP level 3. HP: 24/28 MP: 7/7
   846 | D:2      | Reached skill level 1 in Invocations
   970 | D:2      | Reached skill level 1 in Short Blades
   970 | D:2      | Reached skill level 1 in Long Blades
   970 | D:2      | Reached skill level 1 in Axes
   970 | D:2      | Reached skill level 1 in Maces & Flails
   970 | D:2      | Reached skill level 1 in Polearms
   970 | D:2      | Reached skill level 1 in Staves
   970 | D:2      | Reached skill level 1 in Throwing
   970 | D:2      | Reached skill level 1 in Armour
   970 | D:2      | Reached skill level 1 in Stealth
   970 | D:2      | Reached skill level 1 in Shields
   970 | D:2      | Reached skill level 1 in Unarmed Combat
   970 | D:2      | Reached skill level 1 in Evocations
   980 | D:2      | Learned a level 2 spell: Blink
   984 | D:2      | Learned a level 3 spell: Inner Flame
  1167 | D:2      | Found a runed translucent door.
  1168 | D:2      | Noticed Crazy Yiuf
  1331 | D:2      | Reached XP level 4. HP: 28/34 MP: 5/8
  1549 | D:2      | Reached skill level 1 in Conjurations
  1549 | D:2      | Reached skill level 1 in Summonings
  1549 | D:2      | Reached skill level 1 in Necromancy
  1549 | D:2      | Reached skill level 1 in Translocations
  1549 | D:2      | Reached skill level 1 in Transmutations
  1549 | D:2      | Reached skill level 1 in Fire Magic
  1549 | D:2      | Reached skill level 1 in Ice Magic
  1549 | D:2      | Reached skill level 1 in Air Magic
  1549 | D:2      | Reached skill level 1 in Earth Magic
  1549 | D:2      | Reached skill level 1 in Poison Magic
  1678 | D:2      | Noticed Sigmund
  1701 | D:2      | Killed Sigmund
  1702 | D:2      | Reached XP level 5. HP: 41/41 MP: 6/10
  1702 | D:2      | Reached XP level 6. HP: 47/47 MP: 6/11
  2627 | D:1      | Bought a scroll labelled WESMODD OFONN for 21 gold pieces
  2627 | D:1      | Bought a scroll labelled BOAKOE VINKU for 21 gold pieces
  2627 | D:1      | Bought a scroll labelled WESMODD OFONN for 21 gold pieces
  2661 | D:1      | Bought a scroll labelled CIAKKA TUCS for 30 gold pieces
  2661 | D:1      | Bought a scroll labelled BOAKOE VINKU for 30 gold pieces
  2661 | D:1      | Bought a scroll labelled ILIWOD ATID for 30 gold pieces
  3050 | D:3      | Found Iheomis's Magic Scroll Shop.
  3061 | D:3      | Bought a scroll of identify for 24 gold pieces
  3282 | D:4      | Noticed Grinder
  3282 | D:4      | Noticed Duvessa
  3282 | D:4      | Noticed Dowan
  3283 | D:4      | Paralysed by Grinder for 5 turns
  3292 | D:4      | Noticed Edmund
  3298 | D:4      | Paralysed by Grinder for 3 turns
  3478 | D:4      | Reached skill level 5 in Ranged Weapons
  3478 | D:4      | Reached skill level 5 in Dodging
  3579 | D:3      | Killed Edmund
  3730 | D:4      | Noticed Blork the orc
  3730 | D:4      | Paralysed by Grinder for 4 turns
  3738 | D:3      | Paralysed by Grinder for 5 turns
  3753 | D:3      | Paralysed by Grinder for 4 turns
  3761 | D:3      | Paralysed by Grinder for 2 turns
  3764 | D:3      | HP: 8/47 [Grinder (9)]
  3765 | D:3      | Killed Grinder
  3766 | D:3      | Reached XP level 7. HP: 8/52 MP: 12/12
  4010 | D:3      | HP: 7/52 [Blork the orc/+0 glaive (15)]
  4017 | D:3      | Slain by Blork the orc

Illustrated notes

Levels and vault maps discovered:
D:1:      dpeg_arrival_pits, layout_basic, serial_shops, nicolae_square_shop,
          nicolae_shop_hallway_stairs, shop, nicolae_shop_hallway_plus,
          shop_statue, serial_park_tiny_1, lemuel_flame_loot_1
D:2:      minmay_recursive_quarters, layout_loops_ring, kennysheep_flooded_box,
          palyth_stone_intersect, minmay_unequal, uniq_crazy_yiuf_cottage,
          uniq_sigmund
D:3:      layout_loops_ring, serial_shops, nicolae_lakefront_shop
D:4:      layout_rooms, uniq_grinder, uniq_edmund, uniq_duvessa, uniq_menkaure,
          uniq_blork_the_orc

Skill      XL: |  1  2  3  4  5  6 |
---------------+-------------------+-----
Invocations    | 1 2 |  2.8
Short Blades   | 1 2 |  2.5
Long Blades    | 1 2 |  2.5
Axes           | 1 2 |  2.5
Maces & Flails | 1 2 |  2.5
Polearms       | 1 2 |  2.5
Staves         | 1 2 |  2.5
Throwing       | 1 2 |  2.5
Armour         | 1 2 |  2.5
Stealth        | 1 2 |  2.5
Shields        | 1 2 |  2.5
Unarmed Combat | 1 2 |  2.5
Evocations     | 1 2 |  2.5
Spellcasting   | 3 |  3.8
Conjurations   | 1 2 |  2.0
Summonings     | 1 2 |  2.0
Necromancy     | 1 2 |  2.0
Translocations | 1 2 |  2.0
Transmutations | 1 2 |  2.0
Fire Magic     | 1 2 |  2.0
Ice Magic      | 1 2 |  2.0
Air Magic      | 1 2 |  2.0
Earth Magic    | 1 2 |  2.0
Poison Magic   | 1 2 |  2.0
Fighting       | 3 |  3.6
Ranged Weapons | 5 |  5.2
Dodging        | 5 |  5.2
Hexes          | |  5.8

Action                   |  1- 3 |  4- 6 |  7- 9 || total
-------------------------+-------+-------+-------++-------
Melee: Flail             |       |     7 |       ||     7
       Bite              |       |     1 |       ||     1
 Fire: Sling             |   111 |   109 |    24 ||   244
Throw: Boomerang         |       |     7 |       ||     7
       Dart              |       |     6 |     6 ||    12
 Cast: Slow              |     5 |    14 |     1 ||    20
       Blink             |     1 |       |       ||     1
  Use: Scroll            |       |     8 |       ||     8
       Potion            |       |     1 |     1 ||     2
Armor: Robe              |     6 |    11 |     2 ||    19
Dodge: Dodged            |    28 |    16 |    39 ||    83

Table legend: (Time is in decaauts)
 A = Elapsed time spent in this place.
 B = Non-inter-level travel time spent in this place.
 C = Inter-level travel time spent in this place.
 D = Time resting spent in this place.
 E = Time spent auto-exploring this place.
 F = Levels seen in this place.
 G = Mean time per level.
                   A        B        C        D        E       F      G
               +--------+--------+--------+--------+--------+-----+--------+
         Total |   4065 |   3636 |    429 |    625 |   2304 |   4 | 1016.2 |
       Dungeon |   4065 |   3636 |    429 |    625 |   2304 |   4 | 1016.2 |
               +--------+--------+--------+--------+--------+-----+--------+

Top non-repeatable levels by time:
     D:3: 1559 daAuts
     D:2: 1431 daAuts
     D:1: 845 daAuts
     D:4: 228 daAuts
